 Dungeon Crawl Stone Soup version 0.29.0-11-gd7f09526c8 (webtiles) character file.

Game seed: 12199758541525977306

1425 smilodon the Thaumaturge (level 8, 0/42 HPs)
             Began as a Deep Elf Hedge Wizard on Sept 5, 2022.
             Was a Believer of Zin.
             Succumbed to a kobold's poison
             ... on level 6 of the Dungeon.
             The game lasted 00:47:57 (10769 turns).

smilodon the Thaumaturge (Deep Elf Hedge Wizard)   Turns: 10769, Time: 00:47:58

Health: 0/42       AC:  5    Str:  7    XL:     8   Next: 44%
Magic:  21/23      EV: 12    Int: 22    God:    Zin [**....]
Gold:   316        SH:  0    Dex: 14    Spells: 3/26 levels left

rFire   . . .      SeeInvis .   f - staff of earth
rCold   . . .      Faith    +   (no shield)
rNeg    . . .      Spirit   .   d - +2 robe {Archmagi}
rPois   .          Reflect  .   c - +0 hat
rElec   .          Harm     .   h - +0 cloak
rCorr   .          Rampage  .   (no gloves)
Will    .....      Archmagi +   (no boots)
Stlth   ++........              p - amulet of faith
HPRegen 0.14/turn               (no ring)
MPRegen 0.18/turn               (no ring)

@: lethally poisoned (0 -> -2)
A: no striking features
a: Renounce Religion, Recite, Vitalisation, Donate Gold


You were on level 6 of the Dungeon.
You worshipped Zin.
Zin was pleased with you.
You visited 2 branches of the dungeon, and saw 8 of its levels.

You collected 351 gold pieces.
You donated 35 gold pieces to Zin.

Inventory:

Hand Weapons
 a - a +0 dagger
 l - a +2 scythe of freezing
Armour
 b - a +0 robe
 c - a +0 hat (worn)
 d - a +2 robe of the Archmagi (worn)
 h - a +0 cloak (worn)
Magical Staves
 f - a staff of earth (weapon)
Jewellery
 p - an amulet of faith (around neck)
Scrolls
 j - 2 scrolls of noise
 k - a scroll of identify
 m - 3 scrolls of enchant weapon
 o - a scroll of magic mapping
Potions
 g - a potion of cancellation
 i - a potion of degeneration
 n - a potion of magic


   Skills:
 - Level 0.4 Fighting
 - Level 1.0 Short Blades
 - Level 2.6 Staves
 - Level 2.4 Dodging
 - Level 2.4 Stealth
 + Level 9.8 Spellcasting
 + Level 5.1 Conjurations
 + Level 1.4 Hexes
 + Level 3.1 Summonings
 + Level 1.1 Translocations
 + Level 0.6 Fire Magic
 + Level 0.7 Ice Magic
 - Level 1.5 Air Magic
 - Level 3.1 Poison Magic
 * Level 2.1 Invocations


You had 3 spell levels left.
You knew the following spells:

 Your Spells              Type           Power      Damage    Failure   Level
a - Magic Dart            Conj           100%       1d8       1%          1
b - Slow                  Hex            100%       N/A       3%          1
c - Blink                 Tloc           46%        N/A       6%          2
d - Call Imp              Summ           37%        N/A       2%          2
e - Conjure Flame         Conj/Fire      35%        6-21      6%          3
f - Mephitic Cloud        Conj/Pois/Air  37%        N/A       4%          3
g - Sublimation of Blood  Necr           16%        N/A       10%         2
h - Petrify               Tmut/Erth      24%        N/A       52%         4
i - Swiftness             Air            26%        N/A       10%         3
j - Ensorcelled Hibernat  Hex/Ice        46%        N/A       6%          2

Your spell library contained the following spells:

 Spells                   Type           Power      Damage    Failure   Level
 Necrotise                Necr           64%        1d7       6%          1
 Passwall                 Tmut/Erth      20%        N/A       10%         2
 Vampiric Draining        Necr           16%        2d7       19%         3
 Irradiate                Conj/Tmut      16%        3d17      52%         5
 Agony                    Necr           16%        N/A       86%         5


Dungeon Overview and Level Annotations

Branches:
Dungeon (7/15)             Temple (1/1) D:4

Altars:
Cheibriados
Dithmenos
Elyvilon
Fedhas
Hepliaklqana
Kikubaaqudgha
Makhleb
Nemelex Xobeh
Okawaru
Qazlal
Ru
Sif Muna
Trog
Uskayaw
Vehumet
Wu Jian
Xom
Yredelemnul
Zin
The Shining One


Message History

The ice beast misses you.
The kobold throws a poisoned dart.
The poisoned dart hits you!
You are poisoned.
The kobold is lost in a daze.
The ice beast attacks as you move away! The ice beast hits you.
The ice beast freezes you!
You no longer feel sluggish.
You are ready to recite again.
You feel very sick.
The kobold is no longer dazed.
The ice beast attacks as you move away! The ice beast barely misses you.
You feel sick.
The kobold is no longer dazed.
The kobold throws a poisoned dart.
The poisoned dart hits you!
You are lethally poisoned!
* * * LOW HITPOINT WARNING * * *
You feel very sick.
There is a stone staircase leading up here.
* * * LOW HITPOINT WARNING * * *
You feel very sick.
The ice beast hits you but does no damage.
You climb upwards.
* * * LOW HITPOINT WARNING * * *
You feel very sick.
There is a stone staircase leading down here.
You feel much better.
You feel sick. The ice beast misses you.
Okay, then.
Unknown command.
Casting: Mephitic Cloud (dangerous; 4% risk of failure)
Confirm with . or Enter, or press ? or * to list all spells.
You can't see any susceptible monsters within range! (Use Z to cast anyway.) Unknown command.
You feel sick. The ice beast attacks as you move away!
The ice beast hits you but does no damage.
You feel sick.
You feel sick. The ice beast hits you. The ice beast freezes you!
You feel sick. The ice beast attacks as you move away! The ice beast hits you.
The ice beast freezes you!
* * * LOW HITPOINT WARNING * * *
You die...

♣........................#####
~♣♣#................##.......†#..
♣P...##.............###..........
# ##).>.........................
#.##...#................#........
......##...............##.......#
..#............................##
..............Y.....[............
..~~..##...#.>##@..###........#..
.~.~~##...###..#...#..........##.
..~~~♣♣♣<..............#......#..
...~~~~~♣............#<##........
..~~~~P~♣#.###......####.....#...
..P~~~~~♣..###.....## ##...##...
♣~~≈~♣♣...##.(...######.##.....
.~~~≈≈~ ♣.##.#.............#.....
.~~S≈≈≈~♣...........###..........


You could see an ice beast.

Vanquished Creatures
  A steam dragon (D:6)
  An ice beast (D:5)
  2 black bears
  A centaur (D:5)
  Blork the orc (D:5)
  A scorpion (D:5)
  A howler monkey (D:5)
  2 jellies
  2 hounds
  An orc priest (D:3)
  2 iguanas (D:4)
  An orc wizard (D:3)
  10 adders
  6 gnolls
  2 dart slugs
  14 orcs
  4 bats
  7 endoplasms
  2 giant cockroaches
  3 goblins
  7 hobgoblins
  8 jackals
  36 kobolds
  3 ball pythons
  3 frilled lizards
  9 rats
130 creatures vanquished.

Vanquished Creatures (collateral kills)
  Sigmund (D:2)
  A necrophage (D:2)
  3 gnolls (D:3)
  2 worms
  An endoplasm (D:4)
  A goblin (D:1)
  2 hobgoblins
  3 quokkas
  A ball python (D:1)
  11 kobolds
26 creatures vanquished.

Vanquished Creatures (others)
  12 plants (D:6)
12 creatures vanquished.

Grand Total: 168 creatures vanquished

Notes
Turn   | Place    | Note
-------+----------+-------------------------------------------
     0 | D:1      | smilodon the Deep Elf Hedge Wizard began the quest for the
                  | Orb.
     0 | D:1      | Reached XP level 1. HP: 10/10 MP: 7/7
   454 | D:1      | Reached skill level 5 in Spellcasting
   454 | D:1      | Reached XP level 2. HP: 15/15 MP: 7/10
   485 | D:1      | Learned a level 1 spell: Slow
   488 | D:1      | Learned a level 2 spell: Blink
   491 | D:1      | Learned a level 2 spell: Call Imp
  1092 | D:2      | Noticed a necrophage
  1104 | D:2      | Reached XP level 3. HP: 14/19 MP: 2/12
  1121 | D:2      | Killed a necrophage
  1122 | D:2      | Reached skill level 6 in Spellcasting
  1122 | D:2      | Reached XP level 4. HP: 13/24 MP: 2/14
  1399 | D:2      | Learned a level 3 spell: Conjure Flame
  1403 | D:2      | Learned a level 3 spell: Mephitic Cloud
  1944 | D:2      | Found a faded altar of an unknown god.
  2049 | D:2      | Reached XP level 5. HP: 20/28 MP: 10/16
  2402 | D:2      | Noticed Sigmund
  2424 | D:2      | Killed Sigmund
  2425 | D:2      | Reached skill level 7 in Spellcasting
  2425 | D:2      | Reached XP level 6. HP: 33/33 MP: 8/18
  2874 | D:3      | Reached skill level 1 in Short Blades
  2893 | D:3      | Reached skill level 8 in Spellcasting
  3689 | D:3      | Reached skill level 1 in Poison Magic
  4328 | D:3      | Reached skill level 1 in Air Magic
  4829 | D:4      | Reached XP level 7. HP: 37/37 MP: 14/20
  4837 | D:4      | Learned a level 2 spell: Sublimation of Blood
  4842 | D:4      | Learned a level 4 spell: Petrify
  5308 | D:4      | Reached skill level 1 in Staves
  5619 | D:4      | Found a staircase to the Ecumenical Temple.
  5639 | Temple   | Entered the Ecumenical Temple
  5729 | Temple   | Became a worshipper of Zin the Law-Giver
  5729 | Temple   | Reached * piety under Zin
  7004 | D:5      | Entered Level 5 of the Dungeon
  7067 | D:5      | Learned a level 3 spell: Swiftness
  7070 | D:5      | Learned a level 2 spell: Ensorcelled Hibernation
  7497 | D:5      | Zin protects you from harm!
  7501 | D:5      | Zin protects you from harm!
  7539 | D:5      | Reached skill level 9 in Spellcasting
  7760 | D:5      | Noticed Blork the orc
  7780 | D:5      | Killed Blork the orc
  7781 | D:5      | Reached skill level 1 in Invocations
  8241 | D:5      | Found a snail-covered altar of Cheibriados.
  8241 | D:5      | Found a faded altar of an unknown god.
  8249 | D:5      | Found a shadowy altar of Dithmenos.
  8251 | D:5      | Found a faded altar of an unknown god.
  8253 | D:5      | Found a white marble altar of Elyvilon.
  8327 | D:5      | Reached XP level 8. HP: 27/42 MP: 3/23
  8837 | D:5      | Reached ** piety under Zin
  8990 | D:5      | HP: 2/42 [water moccasin (4)]
  9489 | D:6      | Reached skill level 5 in Conjurations
  9754 | D:6      | Reached skill level 1 in Hexes
 10769 | D:6      | HP: 1/42 [ice beast (13)]
 10769 | D:6      | Succumbed to a kobold's poison

Illustrated notes

Levels and vault maps discovered:
D:1:      roderic_chinese_lattice_arrival, layout_basic,
          chequers_serial_rivers_room_b
D:2:      minmay_inner_zag, layout_basic,
          dreamdust_ecumenical_altar_angels_and_demons, uniq_sigmund
D:3:      minmay_goblin_kobold_castle, layout_loops_corners
D:4:      layout_loops_ring, minmay_temple_entry_statues_fountains,
          grunt_ministairs_3
D:5:      layout_loops_corners, chequers_temple_overflow_minitemple,
          uniq_blork_the_orc
D:6:      layout_cave_pools, serial_bayou, serial_bayou_crossing,
          serial_bayou_ford_a, serial_bayou_shore_a, serial_bayou_pond_e,
          serial_bayou_pond_e, serial_bayou_lake_a
D:7:      layout_cave_pools, mainiacjoe_overflow_brackets, chequers_avenue
Temple:   nicolae_temple_bog_church

Skill      XL: |  1  2  3  4  5  6  7  8 |
---------------+-------------------------+-----
Spellcasting   | 5 6 7 8 9 |  9.8
Conjurations   | 2 3 4 5 |  5.1
Summonings     | 2 3 |  3.1
Short Blades   | 1 |  1.0
Poison Magic   | 1 2 3 |  3.1
Air Magic      | 1 |  1.5
Staves         | 1 2 |  2.6
Invocations    | 1 2 |  2.1
Hexes          | 1 |  1.4
Fighting       | |  0.4
Dodging        | |  2.4
Stealth        | |  2.4
Translocations | |  1.1
Fire Magic     | |  0.6
Ice Magic      | |  0.7

Action                   |  1- 3 |  4- 6 |  7- 9 || total
-------------------------+-------+-------+-------++-------
Melee: Dagger            |       |    19 |     7 ||    26
       Staff             |       |    30 |    22 ||    52
       Punch             |       |     1 |       ||     1
 Cast: Magic Dart        |    49 |   160 |   150 ||   359
       Call Imp          |     6 |    17 |     3 ||    26
       Conjure Flame     |       |     1 |    32 ||    33
       Mephitic Cloud    |       |     9 |    21 ||    30
       Swiftness         |       |       |    10 ||    10
       Slow              |       |       |     7 ||     7
       Ensorcelled Hiber |       |       |    16 ||    16
Invok: Recite            |       |       |     5 ||     5
       Vitalisation      |       |       |     2 ||     2
  Use: Potion            |     3 |     5 |     5 ||    13
       Scroll            |       |     4 |     7 ||    11
 Stab: Sleeping          |       |     3 |     4 ||     7
Armor: Robe              |     2 |    16 |    26 ||    44
Dodge: Dodged            |     8 |    50 |    82 ||   140
